 Dungeon Crawl Stone Soup version 0.29-a0-334-gb41bcbb86e (webtiles) character file.

Game seed: 17568640194111804982

2099 dracfodder the Quickloader (level 9, -6/78 HPs)
             Began as a Minotaur Hunter on Apr 14, 2022.
             Was a Follower of Fedhas.
             Mangled by an orc warrior
             ... wielding a +0 dire flail
              (9 damage)
             ... on level 7 of the Dungeon.
             The game lasted 00:22:38 (7726 turns).

dracfodder the Quickloader (Minotaur Hunter)        Turns: 7726, Time: 00:22:39

Health: -6/78      AC:  9    Str: 18    XL:     9   Next: 7%
Magic:  8/8        EV: 13    Int:  6    God:    Fedhas [*.....]
Gold:   301        SH:  0    Dex: 18    Spells: 8/8 levels left

rFire   . . .      SeeInvis .   a - +3 hand crossbow
rCold   + . .      Faith    .   (no shield)
rNeg    . . .      Spirit   .   r - +3 leather armour of Eternal Night {Fly rCorr}
rPois   .          Reflect  .   j - +2 hat
rElec   .          Harm     .   o - +0 cloak
rCorr   +          Rampage  .   (no gloves)
Will    .....                   (no boots)
Stlth   ++........              (no amulet)
HPRegen 0.23/turn               (no ring)
MPRegen 0.11/turn               (no ring)

@: flying
A: horns 2, retaliatory headbutt, cold resistance 1, strong 1
a: Renounce Religion


You were on level 7 of the Dungeon.
You worshipped Fedhas.
Fedhas was aware of your devotion.
You visited 2 branches of the dungeon, and saw 8 of its levels.

You collected 350 gold pieces.
You spent 49 gold pieces at shops.

Inventory:

Hand Weapons
 a - a +3 hand crossbow (weapon)
 b - a +4 hand axe
 n - a +4 quarterstaff of chaos
Armour
 j - a +2 hat (worn)
 o - a +0 cloak (worn)
 r - the +3 leather armour of Eternal Night (worn) {Fly rCorr}
   (You found it on level 3 of the Dungeon)

   Fly:       It grants you flight.
   rCorr:     It protects you from acid and corrosion.
Jewellery
 p - a ring of wizardry
 w - a ring of protection from fire
 A - a ring of fire
Wands
 B - a wand of mindburst (4)
Scrolls
 c - a scroll of immolation
 e - 2 scrolls of teleportation
 h - a scroll of fear
 i - 3 scrolls of identify
 l - 2 scrolls of magic mapping
 t - a scroll of amnesia
 z - a scroll of blinking
Potions
 d - a potion of ambrosia
 f - 3 potions of lignification
 k - a potion of haste
 m - a potion of might
 s - a potion of magic
 u - a potion of attraction
 v - a potion of mutation


   Skills:
 + Level 6.6 Fighting
 * Level 11.7 Crossbows
 + Level 3.2 Armour
 + Level 3.3 Dodging
 + Level 1.2 Stealth


You had 8 spell levels left.
You didn't know any spells.
Your spell library contained the following spells:

 Spells                   Type           Power      Damage    Failure   Level
 Summon Small Mammal      Summ           0%         N/A       52%         1
 Corpse Rot               Necr/Air       0%         N/A       65%         2
 Poisonous Vapours        Pois/Air       0%         N/A       65%         2
 Call Canine Familiar     Summ           0%         N/A       87%         3
 Confusing Touch          Hex            0%         N/A       87%         3
 Gell's Gravitas          Tloc           0%         N/A       87%         3
 Inner Flame              Hex/Fire       0%         N/A       87%         3
 Lesser Beckoning         Tloc           0%         N/A       87%         3
 Summon Guardian Golem    Hex/Summ       0%         N/A       87%         3
 Teleport Other           Tloc           0%         N/A       87%         3
 Cause Fear               Hex            0%         N/A       99%         4
 Yara's Violent Unravell  Hex/Tmut       0%         3d3       100%        5
 Enfeeble                 Hex            0%         N/A       100%        7
 Discord                  Hex            0%         N/A       100%        8


Dungeon Overview and Level Annotations

Branches:
Dungeon (7/15)             Temple (1/1) D:5

Altars:
Ashenzari
Cheibriados
Dithmenos
Elyvilon
Fedhas
Gozag
Hepliaklqana
Kikubaaqudgha
Makhleb
Nemelex Xobeh
Okawaru
Qazlal
Ru
Sif Muna
Trog
Uskayaw
Wu Jian
Xom
Yredelemnul
Zin
The Shining One

Shops:
D:2 ([?[[   D:6 =

Annotations:
D:7 2 transporters, Juicyj's ghost, novice FoFi


Innate Abilities, Weirdness & Mutations

You have a pair of horns on your head.
You reflexively headbutt those who attack you in melee.
Your flesh is cold resistant. (rC+)
Your muscles are strong. (Str +2)


Message History

The orc warrior is heavily wounded.
You shoot a bolt. The bolt hits the orc warrior.
The orc warrior is severely wounded.
The orc warrior hits you with a +0 dire flail!
You shoot a bolt.
The bolt hits the orc warrior but does no damage.
The orc warrior is severely wounded.
The orc warrior hits you with a +0 dire flail!
You shoot a bolt. The bolt hits the orc warrior.
The orc warrior is almost dead.
The orc warrior hits you with a +0 dire flail!
You shoot a bolt.
The bolt hits the orc warrior but does no damage.
The orc warrior is almost dead.
The orc warrior hits you with a +0 dire flail!
You are too injured to fight recklessly!
You are too injured to fight recklessly!
Shoot: a) +3 hand crossbow
Press: ? - help, Q - select action, (/) - cycle Shift-Dir - straight line, f/p - orc warrior
Aim: an orc warrior, wielding a +0 dire flail and wearing a +0 chain mail (almost dead, 70% to hit)
You shoot a bolt. The bolt hits the orc warrior.
The orc warrior is almost dead.
The orc warrior hits you with a +0 dire flail!
* * * LOW HITPOINT WARNING * * *
Shoot: a) +3 hand crossbow
Press: ? - help, Q - select action, (/) - cycle Shift-Dir - straight line, f/p - orc warrior
Aim: an orc warrior, wielding a +0 dire flail and wearing a +0 chain mail (almost dead, 70% to hit)
You shoot a bolt.
The bolt hits the orc warrior but does no damage.
The orc warrior is almost dead.
The orc warrior hits you with a +0 dire flail!!
* * * LOW HITPOINT WARNING * * *
Shoot: a) +3 hand crossbow
Press: ? - help, Q - select action, (/) - cycle Shift-Dir - straight line, f/p - orc warrior
Aim: an orc warrior, wielding a +0 dire flail and wearing a +0 chain mail (almost dead, 70% to hit)
You shoot a bolt.
The bolt completely misses the orc warrior.
The orc warrior hits you with a +0 dire flail!
You die...
Fedhas appreciates your contribution to the ecosystem.

#...<....#####
... #.....#.## ..
##........# ..
###..#.##.#.## )
#.).##.##.#..####
#.
#.####.##.##.....
.####)##)#
#.##.#######
......o..# #.##..
# .......@.#
#.#### #
......)#...##.#
##
........##....#
#. #####.#. ...##
##.####. #.##
#... ........ #.
.## ##...... # .
#...... ...รท....
##......


You could see an orc warrior.

Vanquished Creatures
  Prince Ribbit (D:7)
  A hornet (D:7)
  Menkaure (D:7)
  2 black bears
  2 ogres
  A centaur (D:7)
  A phantom (D:6)
  A scorpion (D:5)
  A necrophage (D:6)
  A gnoll sergeant (D:6)
  4 wights (D:7)
  A howler monkey (D:6)
  5 jellies
  3 orc priests (D:7)
  Crazy Yiuf (D:2)
  4 hounds
  An iguana (D:3)
  An orc wizard (D:7)
  4 gnolls (D:6)
  9 adders
  A white imp (D:7)
  3 worms
  2 dart slugs
  10 orcs
  6 endoplasms
  7 giant cockroaches
  7 goblins
  7 hobgoblins
  4 jackals (D:1)
  3 quokkas
  7 ball pythons
  6 bats
  3 frilled lizards
  7 kobolds
  8 rats
126 creatures vanquished.

Notes
Turn   | Place    | Note
-------+----------+-------------------------------------------
     0 | D:1      | dracfodder the Minotaur Hunter began the quest for the Orb.
     0 | D:1      | Reached XP level 1. HP: 18/18 MP: 0/0
   368 | D:1      | Reached XP level 2. HP: 25/25 MP: 1/1
   386 | D:1      | Reached skill level 5 in Crossbows
   580 | D:1      | Found a faded altar of an unknown god.
   823 | D:2      | Reached XP level 3. HP: 30/30 MP: 2/2
  1065 | D:2      | Found Gunov's Antique Weapon Boutique.
  1074 | D:2      | Found Qian Kue's Armour Shoppe.
  1140 | D:2      | Found Cugaergh's Armour Emporium.
  1158 | D:2      | Found Ileidghis's Magic Scroll Boutique.
  1164 | D:2      | Bought a scroll of magic mapping for 49 gold pieces
  1490 | D:2      | Found Wesirch's Antique Armour Boutique.
  1530 | D:2      | Reached skill level 6 in Crossbows
  1547 | D:2      | Found a runed translucent door.
  1548 | D:2      | Noticed Crazy Yiuf
  1834 | D:2      | Killed Crazy Yiuf
  1835 | D:2      | Reached skill level 1 in Armour
  1835 | D:2      | Reached XP level 4. HP: 5/37 MP: 3/3
  2658 | D:3      | Identified the +3 leather armour of Eternal Night {Fly
                  | rCorr}
  2744 | D:3      | Noticed a moth of wrath
  2746 | D:3      | Found a bloodstained altar of Trog.
  2878 | D:3      | Reached XP level 5. HP: 33/44 MP: 4/4
  3438 | D:4      | Reached skill level 7 in Crossbows
  3762 | D:5      | Entered Level 5 of the Dungeon
  3837 | D:5      | Reached XP level 6. HP: 42/52 MP: 5/5
  4056 | D:5      | Reached skill level 8 in Crossbows
  4250 | D:5      | Found a staircase to the Ecumenical Temple.
  4378 | D:5      | Reached XP level 7. HP: 59/59 MP: 6/6
  4385 | D:5      | Found an ornate altar of the Wu Jian Council.
  4449 | Temple   | Entered the Ecumenical Temple
  4569 | Temple   | Became a worshipper of Fedhas Madash
  5506 | D:6      | Reached skill level 9 in Crossbows
  5600 | D:6      | Found Ceahex's Jewellery Shop.
  5665 | D:6      | Reached skill level 5 in Fighting
  5777 | D:6      | Found a basalt altar of Yredelemnul.
  6113 | D:7      | Noticed Menkaure
  6121 | D:7      | HP: 3/61 [Menkaure (15)]
  6122 | D:7      | Killed Menkaure
  6123 | D:7      | Reached skill level 10 in Crossbows
  6123 | D:7      | Reached skill level 1 in Stealth
  6123 | D:7      | Reached XP level 8. HP: 4/68 MP: 7/7
  6205 | D:7      | Noticed a hornet
  6773 | D:7      | Gained mutation: Your flesh is cold resistant. (rC+)
                  | [potion of mutation]
  6773 | D:7      | Gained mutation: Your muscles are strong. (Str +2) [potion
                  | of mutation]
  6833 | D:7      | Noticed a hornet
  6834 | D:7      | Found a transporter.
  6839 | D:7      | Found a transporter.
  6839 | D:7      | Noticed Juicyj's ghost (novice FoFi)
  6857 | D:7      | Reached * piety under Fedhas
  6895 | D:7      | Paralysed by a hornet for 1 turns
  6898 | D:7      | Paralysed by a hornet for 2 turns
  6901 | D:7      | HP: 3/70 [hornet (13)]
  6901 | D:7      | HP: 1/70 [hornet (2)]
  6902 | D:7      | Paralysed by a hornet for 1 turns
  6904 | D:7      | Killed a hornet
  7219 | D:7      | Reached skill level 11 in Crossbows
  7234 | D:7      | Noticed Prince Ribbit
  7252 | D:7      | Killed Prince Ribbit
  7557 | D:7      | Reached XP level 9. HP: 57/78 MP: 8/8
  7725 | D:7      | HP: 3/78 [orc warrior/+0 dire flail (18)]
  7726 | D:7      | Mangled by an orc warrior

Illustrated notes

Levels and vault maps discovered:
D:1:      minmay_arrival_hallway, layout_basic, chequers_ecumenical_altar_simple
D:2:      layout_loops_ring, serial_shops, shop, nicolae_shop_trees,
          nicolae_square_shop, nicolae_shop_stone, nicolae_shop_hallway_stairs,
          uniq_crazy_yiuf_cottage
D:3:      layout_basic, tgw_trog, serial_glass, glass_columns_b,
          glass_columns_b, kennysheep_generic_room_6
D:4:      layout_basic, kennysheep_small_circle
D:5:      layout_loops_ring, mainiacjoe_overflow_chevrons,
          minmay_temple_entry_nine_rooms
D:6:      layout_gridville, mainiacjoe_overflow_catwalk, serial_shops,
          nicolae_shop_hallway_plus
D:7:      layout_rooms, gammafunk_ghost_hive, uniq_menkaure, uniq_prince_ribbit1
Temple:   mainiacjoe_temple_coin_purse

Skill      XL: |  1  2  3  4  5  6  7  8 |
---------------+-------------------------+-----
Crossbows      | 5 6 7 8 10 11 | 11.7
Armour         | 1 2 3 |  3.2
Fighting       | 3 4 5 6 |  6.6
Stealth        | 1 |  1.2
Dodging        | 3 |  3.3

Action                   |  1- 3 |  4- 6 |  7- 9 || total
-------------------------+-------+-------+-------++-------
 Fire: Hand crossbow     |    85 |   163 |   226 ||   474
  Use: Scroll            |     5 |     5 |     7 ||    17
       Potion            |       |       |    10 ||    10
Armor: Leather armour    |     7 |    17 |    32 ||    56
Dodge: Dodged            |    30 |    31 |    63 ||   124

Table legend: (Time is in decaauts)
 A = Elapsed time spent in this place.
 B = Non-inter-level travel time spent in this place.
 C = Inter-level travel time spent in this place.
 D = Time resting spent in this place.
 E = Time spent auto-exploring this place.
 F = Levels seen in this place.
 G = Mean time per level.
                   A        B        C        D        E       F      G
               +--------+--------+--------+--------+--------+-----+--------+
         Total |   7794 |   7490 |    304 |   1882 |   4382 |   8 |  974.2 |
       Dungeon |   7665 |   7390 |    275 |   1882 |   4296 |   7 | 1095.0 |
        Temple |    129 |    100 |     29 |      0 |     86 |   1 |  129.0 |
               +--------+--------+--------+--------+--------+-----+--------+

Top non-repeatable levels by time:
     D:7: 1385 daAuts
     D:2: 1327 daAuts
     D:6: 1273 daAuts
     D:5: 1199 daAuts
     D:3: 1113 daAuts
     D:1: 820 daAuts
     D:4: 545 daAuts
  Temple: 129 daAuts
